 Dungeon Crawl Stone Soup version 0.30.1-11-g7821555f0a (webtiles) character file.

Game seed: 1731889021603266882

1009 Kallu the Grappler (level 8, -6/63 HPs)
             Began as a Ghoul Monk on Jan 9, 2024.
             Mangled by a troll (15 damage)
             ... on level 5 of the Dungeon.
             The game lasted 00:05:24 (3916 turns).

Kallu the Grappler (Ghoul Monk)                     Turns: 3916, Time: 00:05:25

Health: -6/63      AC: 10    Str: 17    XL:     8   Next: 21%
Magic:  7/7        EV:  8    Int:  5    God:
Gold:   412        SH:  0    Dex: 11    Spells: 7/7 levels left

rFire   . .          .
                       - Unarmed
rCold   + . .        c - orb {light}
rNeg    + + +        o - +0 chain mail
rPois   ∞            (no helmet)
rElec   .            (no cloak)
rCorr   .            (no gloves)
SInv    +            e - +1 pair of boots
Will    .....        r - amulet of regeneration Stlth
                     i - ring of see invisible
HPRegen 0.00/turn    (no ring)
MPRegen 0.10/turn

%: no passive effects
@: inhibited regen, glowing, invisible (but backlit and visible)
A: claws 1, cold resistance 1, negative energy resistance 3, inhibited
regeneration, torment resistance 2, devour on kill
a: no special abilities


You were on level 5 of the Dungeon.
You visited 1 branch of the dungeon, and saw 5 of its levels.
You also visited: Sewer.

You collected 412 gold pieces.

Inventory:

Armour
 c - an orb of light (worn)
 e - a +1 pair of boots (worn)
 o - a +0 chain mail (worn)
Jewellery
 i - a ring of see invisible (left claw)
 r - an amulet of regeneration (around neck)
 t - a +4 ring of slaying
 x - a ring of magical power
Scrolls
 f - a scroll of blinking {unknown}
 g - a scroll of fog {unknown}
 j - a scroll of immolation
 k - a scroll of fear {unknown}
 l - 3 scrolls of enchant armour {unknown}
 m - 3 scrolls of noise {unknown}
 n - 4 scrolls of identify {unknown}
 s - a scroll of silence {unknown}
 u - 2 scrolls of torment {unknown}
 y - a scroll of enchant weapon {unknown}
Potions
 a - 3 potions of attraction {unknown}
 b - a potion of ambrosia
 d - 2 potions of magic {unknown}
 h - 2 potions of might {unknown}
 p - 2 potions of mutation {unknown}
 q - a potion of invisibility
 v - a potion of haste {unknown}
 w - a potion of curing {unknown}


   Skills:
 - Level 3.2 Fighting
 - Level 2.6 Dodging
 + Level 10.7 Unarmed Combat


You had 7 spell levels left.
You didn't know any spells.
Your spell library contained the following spells:

 Spells                   Type           Power      Damage    Failure   Level
 Apportation              Tloc           0%         N/A       100%        1
 Necrotise                Necr           0%         1d4       100%        1
 Summon Small Mammal      Summ           0%         N/A       100%        1
 Vampiric Draining        Necr           0%         2d6       100%        3
 Agony                    Necr           0%         N/A       100%        5
 Summon Hydra             Summ           0%         N/A       100%        7
 Sublimation of Blood     Necr           Unusable   N/A       N/A         2
 Wereblood                Tmut           Unusable   N/A       N/A         2

Dungeon Overview and Level Annotations

Branches:
Dungeon (5/15)              Sewer (visited)
 Temple: D:4-7

Altars:
Gozag
Makhleb
Nemelex Xobeh
Yredelemnul

Annotations:
D:3 3 runed translucent doors, Artemis2's ghost, amateur MfIE


Innate Abilities, Weirdness & Mutations

You are immune to poison.
You have sharp fingernails.
Your flesh is cold resistant. (rC+)
You are immune to negative energy. (rN+++)
You do not regenerate when monsters are visible.
You are immune to unholy pain and torment.
You thrive by killing the living.


Message History

Aim: a troll (56% to hit)
You throw a poisoned dart.
The poisoned dart closely misses the troll.
Throw: 2 darts (poison)
Press: ? - help, Shift-Dir - straight line, f/p - troll
Aim: a troll (56% to hit)
You throw a poisoned dart. The poisoned dart hits the troll.
Throw: dart (poison)
Press: ? - help, Shift-Dir - straight line, f/p - troll
Aim: a troll (56% to hit)
You throw a poisoned dart.
The poisoned dart closely misses the troll.
Unknown command.
You completely miss the troll. The troll bites you. The troll claws you!
The troll claws you but does no damage.
You claw the troll!
The troll is heavily wounded.
The troll bites you! The troll claws you!
The troll claws you but does no damage.
You scratch the troll.
The troll is heavily wounded.
The troll bites you. The troll claws you.
The troll claws you but does no damage.
Unknown command.
It was a potion of invisibility.
You become transparent, but the glow from your halo prevents you from becoming completely invisible.
The troll bites you!
* * * LOW HITPOINT WARNING * * *
The troll claws you.
* * * LOW HITPOINT WARNING * * *
The troll claws you.
* * * LOW HITPOINT WARNING * * *
Okay, then.
Unknown command.
You aren't carrying any items that you can evoke.
Unknown command.
As you read the scroll labelled QEOPSY PALAO, it crumbles to dust.
The creatures around you are filled with an inner flame!
It was a scroll of immolation.
The troll bites you!
You die...

.##...#..#.##...#.## ###..
.T..............#..###.....
.........#.#..$..#.........
..#......# #..............
.##.l......##..............
..........###......###...#.
.##.................# .#
..#........###<)....##.. .
#.####.(.().)T@.......
.......().#########.#.#
.#...#...#.### .#
...#?#.5..# # #...#.....#
..s.......# ..#...#...#
...#$#....# #...# ...##


You could see a troll (inner flame).

Vanquished Creatures
  A wraith (D:5)
  A steam dragon (D:4)
  2 water moccasins
  A kobold brigand (D:5)
  A scorpion (D:4)
  4 hounds
  A jelly (D:4)
  An iguana (D:4)
  4 adders
  4 gnolls (D:5)
  A shadow imp (D:5)
  3 white imps
  An ufetubus (D:5)
  An adder zombie (D:3)
  6 worms
  3 dart slugs
  8 orcs
  6 ball pythons
  5 bats
  5 endoplasms
  5 giant cockroaches
  8 goblins
  5 hobgoblins
  5 jackals
  5 kobolds
  3 quokkas
  A ball python zombie (D:3)
  6 frilled lizards
  4 rats
101 creatures vanquished.

Notes
Turn   | Place    | Note
-------+----------+-------------------------------------------
     0 | D:1      | Kallu the Ghoul Monk began the quest for the Orb.
     0 | D:1      | Reached XP level 1. HP: 19/19 MP: 0/0
    93 | D:1      | Reached XP level 2. HP: 26/26 MP: 1/1
   104 | D:1      | Reached skill level 4 in Unarmed Combat
   404 | D:2      | Reached XP level 3. HP: 31/31 MP: 2/2
   480 | D:2      | Found a sparkling altar of Nemelex Xobeh.
   875 | D:2      | Identified the +8 short sword of Joofot {heavy, rN+}
   894 | D:2      | Reached skill level 5 in Unarmed Combat
  1388 | D:3      | Reached XP level 4. HP: 30/38 MP: 3/3
  1431 | D:3      | Found a sparkling altar of Nemelex Xobeh.
  1475 | D:3      | Found a burning altar of Makhleb.
  1475 | D:3      | Noticed a balrug
  1920 | D:3      | Found a glowing drain.
  1930 | Sewer    | Entered a sewer
  1966 | Sewer    | Noticed a water moccasin
  1978 | Sewer    | Killed a water moccasin
  1979 | Sewer    | Reached skill level 6 in Unarmed Combat
  1979 | Sewer    | Reached XP level 5. HP: 33/45 MP: 4/4
  2053 | D:3      | Reached skill level 7 in Unarmed Combat
  2137 | D:3      | Found a basalt altar of Yredelemnul.
  2238 | D:3      | Found a runed translucent gate.
  2238 | D:3      | Found a runed translucent gate.
  2240 | D:3      | Found a runed translucent gate.
  2241 | D:3      | Noticed Artemis2's ghost (amateur MfIE)
  2242 | D:3      | Noticed a kobold brigand
  2426 | D:4      | Reached XP level 6. HP: 47/51 MP: 5/5
  2534 | D:4      | Found an opulent altar of Gozag.
  3399 | D:4      | Reached skill level 8 in Unarmed Combat
  3442 | D:5      | Entered Level 5 of the Dungeon
  3457 | D:5      | Noticed a water moccasin
  3473 | D:4      | Killed a water moccasin
  3474 | D:4      | Reached XP level 7. HP: 20/57 MP: 6/6
  3516 | D:5      | Reached skill level 9 in Unarmed Combat
  3518 | D:5      | Noticed a wraith
  3612 | D:5      | Noticed a troll
  3616 | D:5      | Killed a wraith
  3692 | D:5      | Noticed a steam dragon
  3804 | D:4      | Reached skill level 10 in Unarmed Combat
  3822 | D:4      | Killed a steam dragon
  3823 | D:4      | Reached XP level 8. HP: 23/63 MP: 7/7
  3916 | D:5      | Mangled by a troll

Illustrated notes

Levels and vault maps discovered:
D:1:      eino_arrival_druids_welcome, layout_rooms
D:2:      minmay_wonky_spiral, layout_loops_ring, basic_altar, nrook_campfire
D:3:      layout_basic, mainiacjoe_overflow_boulevard,
          makhleb_altar_promises_db, lemuel_zombie_altar_yredelemnul,
          cheibrodos_sewer_entry_bend, gammafunk_ghost_nasty_kobolds,
          serial_aquarium, aquarium_bridge_square [aquarium_subvault_wall,
          aquarium_subvault_wall, aquarium_subvault_bridge,
          aquarium_subvault_bridge], aquarium_window_corner, aquarium_window_2,
          aquarium_window_2, aquarium_view_2a
D:4:      layout_basic, nicolae_gozag_cash_rules_everything_around_me,
          nrook_mini_backslash
D:5:      cheibrodos_fzero, layout_rooms

Skill      XL: |  1  2  3  4  5  6  7 |
---------------+----------------------+-----
Unarmed Combat | 4 5 6 7 8 10 | 10.7
Fighting       | |  3.2
Dodging        | |  2.6

Action                     |  1- 3 |  4- 6 |  7- 9 || total
---------------------------+-------+-------+-------++-------
  Melee: Unarmed           |   116 |   130 |    58 ||   304
  Throw: Dart              |       |       |     6 ||     6
    Use: Scroll            |       |       |     1 ||     1
         Potion            |       |       |     1 ||     1
 Armour: Robe              |    25 |       |       ||    25
         Chain mail        |    20 |    56 |    28 ||   104
  Dodge: Dodged            |    73 |    43 |    24 ||   140
